 Dungeon Crawl Stone Soup version 0.28-a0-381-g937acc2988 (webtiles) character file.

Game seed: 10975026564101513939

3389 speeev33 the Cleaver (level 10, -1/93 HPs)
             Began as a Hill Orc Fighter on Sept 2, 2021.
             Was a Believer of Okawaru.
             Slain by Maggie (6 damage)
             ... on level 8 of the Dungeon.
             The game lasted 00:09:05 (7072 turns).

speeev33 the Cleaver (Hill Orc Fighter)             Turns: 7072, Time: 00:09:06

Health: -1/93      AC: 15    Str: 29    XL:     10   Next: 4%
Magic:  9/10       EV:  4    Int:  8    God:    Okawaru [**....]
Gold:   470        SH: 14    Dex: 10    Spells: 9/9 levels left

rFire   . . .      SeeInvis .   a - +0 war axe
rCold   . . .      Faith    .   r - +1 tower shield
rNeg    . . .      Spirit   .   i - +0 plate armour
rPois   .          Reflect  .   (no helmet)
rElec   .          Harm     .   q - +0 cloak
rCorr   .          Rampage  .   (no gloves)
Will    +....                   v - +0 pair of boots
Stlth   ..........              (no amulet)
HPRegen 0.25/turn               l - ring of willpower
MPRegen 0.12/turn               s - +6 ring of strength

@: no status effects
A: no striking features
a: Renounce Religion, Heroism


You were on level 8 of the Dungeon.
You worshipped Okawaru.
Okawaru was pleased with you.
You visited 2 branches of the dungeon, and saw 9 of its levels.

You collected 470 gold pieces.

Inventory:

Hand Weapons
 a - a +0 war axe (weapon)
 j - a +1 flail of protection
Missiles
 d - 7 boomerangs of dispersal
 f - 49 poisoned darts
 k - a throwing net (quivered)
 w - 6 atropa-tipped darts
Armour
 i - a +0 plate armour (worn)
 q - a +0 cloak (worn)
 r - a +1 tower shield (worn)
 v - a +0 pair of boots (worn)
Jewellery
 l - a ring of willpower (left hand)
 s - a +6 ring of strength (right hand)
Wands
 o - a wand of iceblast (7)
Scrolls
 p - 2 scrolls of blinking
 u - 2 scrolls of fog
Potions
 b - 2 potions of attraction
 c - a potion of cancellation {unknown}
 e - a potion of invisibility {unknown}
 g - 3 potions of haste
 h - a potion of brilliance {unknown}
 m - 5 potions of curing
 n - 2 potions of ambrosia {unknown}
 x - a potion of lignification {unknown}


   Skills:
 + Level 10.2 Fighting
 + Level 10.7 Axes
 - Level 7.2 Armour
 + Level 6.9 Shields


You had 9 spell levels left.
You didn't know any spells.
Your spell library contained the following spells:

 Spells                   Type           Power      Damage    Failure   Level
 Shock                    Conj/Air       0%         1d3       100%        1
 Sting                    Tmut/Pois      0%         1d3       100%        1
 Poisonous Vapours        Pois/Air       0%         N/A       100%        2
 Slow                     Hex            0%         N/A       100%        2
 Confusing Touch          Hex            0%         N/A       100%        3
 Dazzling Flash           Conj/Hex       0%         N/A       100%        3
 Gell's Gravitas          Tloc           0%         N/A       100%        3
 Swiftness                Air            0%         N/A       100%        3
 Teleport Other           Tloc           0%         N/A       100%        3
 Vampiric Draining        Necr           0%         2d6       100%        3
 Airstrike                Air            0%         N/A       100%        4
 Olgreb's Toxic Radiance  Pois           0%         N/A       100%        4
 Agony                    Necr           0%         N/A       100%        5
 Silence                  Hex/Air        0%         N/A       100%        5
 Dispersal                Tloc           0%         N/A       100%        6


Dungeon Overview and Level Annotations

Branches:
Dungeon (8/15)             Temple (1/1) D:4
   Lair: D:8-11

Altars:
Ashenzari
Cheibriados
Dithmenos
Elyvilon
Fedhas
Gozag
Hepliaklqana
Kikubaaqudgha
Makhleb
Nemelex Xobeh
Okawaru
Qazlal
Ru
Uskayaw
Vehumet
Wu Jian
Xom
Zin
The Shining One

Shops:
D:5 (

Annotations:
D:3 2 transporters, Alacron's ghost, amateur DgCj
D:8 Maggie


Message History

The yak is moderately wounded.
The yak barely misses you.
You slice the yak!!
The yak is almost dead.
You feel like a meek peon again. The yak gores you but does no damage.
You hit the yak.
You kill the yak!
Okawaru accepts your kill.
You have reached level 10!
You feel stronger.
Your shield prevents you from hitting Maggie.
You block Maggie's attack. Maggie hits you with a +0 scimitar!
* * * LOW HITPOINT WARNING * * *
You barely miss Maggie. You block Maggie's attack.
You barely miss Maggie. Maggie hits you but does no damage.
You hit Maggie but do no damage. You block Maggie's attack.
Maggie hits you but does no damage.
You closely miss Maggie. You block Maggie's attack.
You barely miss Maggie.
You break out of your daze.
You block Maggie's attack.
You slash Maggie!
Maggie is moderately wounded.
Maggie hits you but does no damage. Maggie hits you with a +0 scimitar.
* * * LOW HITPOINT WARNING * * *
You hit Maggie but do no damage.
Maggie is moderately wounded.
Maggie casts a spell at you. The bolt of fire hits you!!
* * * LOW HITPOINT WARNING * * *
Your shield and plate armour prevent you from hitting Maggie.
Maggie is moderately wounded.
You block Maggie's attack.
You slash Maggie!
Maggie is heavily wounded.
Maggie gestures wildly while chanting.
Maggie attempts to bespell you! You resist with almost no effort.
Maggie hits you with a +0 scimitar.
You die...

#....'.....#
*,,,
#.####.....#
*,,, #.# #.....#
*,,, #.# #.....#
*,,, #.# #.....#
*,,, #.# #.....#
*,,, #.# #.....#
*,,, #.# #.....#
**** #@# *******
#@# #.#
#.#*************
#.#*,,,,,,,,,,,*
#.#*,,,,,,,,,,,*
#.#*,,.........#
#.#*,,.........#
#.#*,,.........#


You could see Maggie.

Vanquished Creatures
  Pikel (D:4)
  Sigmund (D:4)
  3 yaks (D:8)
  A sky beast (D:7)
  A black bear (D:5)
  An ice beast (D:6)
  3 necrophages
  An ogre (D:7)
  4 centaurs
  2 lemures (D:4)
  2 phantoms
  5 scorpions
  A wyvern skeleton (D:7)
  2 wights (D:7)
  A bullfrog zombie (D:7)
  2 centaur zombies (D:7)
  2 hounds
  2 orc priests
  Crazy Yiuf (D:3)
  A jelly (D:7)
  2 bullfrog skeletons
  A centaur skeleton (D:7)
  3 iguanas
  4 orc wizards
  A mummy (D:7)
  2 howler monkey zombies (D:7)
  4 gnolls (D:2)
  6 adders
  2 river rats (D:6)
  A shadow imp (D:5)
  2 white imps (D:5)
  An adder skeleton (D:5)
  A worm (D:2)
  A dart slug (D:4)
  16 orcs
  8 ball pythons
  7 bats
  4 endoplasms
  5 giant cockroaches
  7 goblins
  6 hobgoblins
  3 jackals (D:1)
  8 kobolds
  A quokka (D:1)
  2 frilled lizards (D:1)
  8 rats
143 creatures vanquished.

Vanquished Creatures (others)
  A fungus (D:5)
  9 plants
10 creatures vanquished.

Grand Total: 153 creatures vanquished

Notes
Turn   | Place    | Note
-------+----------+-------------------------------------------
     0 | D:1      | speeev33 the Hill Orc Fighter began the quest for the Orb.
     0 | D:1      | Reached XP level 1. HP: 19/19 MP: 1/1
    52 | D:1      | Reached XP level 2. HP: 26/27 MP: 2/2
   321 | D:1      | Reached XP level 3. HP: 23/33 MP: 3/3
   696 | D:2      | Reached XP level 4. HP: 4/41 MP: 4/4
   698 | D:2      | HP: 2/41 [gnoll (2)]
  1189 | D:2      | You fall into a shaft and drop 1 floor!
  1257 | D:2      | Found a hide-covered altar of Uskayaw.
  1648 | D:2      | Found a faded altar of an unknown god.
  1960 | D:3      | Reached XP level 5. HP: 39/47 MP: 5/5
  2043 | D:3      | Found a transporter.
  2046 | D:3      | Noticed Alacron's ghost (amateur DgCj)
  2075 | D:3      | Found a transporter.
  2206 | D:3      | Found a runed translucent door.
  2207 | D:3      | Noticed Crazy Yiuf
  2285 | D:3      | Killed Crazy Yiuf
  2286 | D:3      | Reached skill level 5 in Fighting
  2461 | D:4      | Noticed a lemure
  2462 | D:4      | Noticed a lemure
  2485 | D:4      | Killed a lemure
  2491 | D:4      | Killed a lemure
  2506 | D:4      | Noticed Pikel
  2526 | D:4      | Killed Pikel
  2527 | D:4      | Reached skill level 5 in Armour
  2527 | D:4      | Reached XP level 6. HP: 19/58 MP: 6/6
  2527 | D:4      | Reached XP level 7. HP: 21/64 MP: 7/7
  2837 | D:4      | Found a staircase to the Ecumenical Temple.
  2887 | Temple   | Entered the Ecumenical Temple
  3240 | D:4      | Noticed Sigmund
  3248 | D:4      | Killed Sigmund
  3415 | D:4      | Reached XP level 8. HP: 72/73 MP: 8/8
  3623 | D:5      | Entered Level 5 of the Dungeon
  3721 | D:5      | Found a hazy altar of Hepliaklqana.
  3736 | D:5      | Found an iron altar of Okawaru.
  3769 | D:5      | Became a worshipper of Warmaster Okawaru
  4126 | D:5      | Found a hide-covered altar of Uskayaw.
  4250 | D:5      | Found a sacrificial altar of Ru.
  4414 | D:5      | Found a radiant altar of Vehumet.
  4723 | D:5      | Found Saaruhoji's Antique Weapon Emporium.
  4851 | D:6      | Reached * piety under Okawaru
  4852 | D:6      | Reached XP level 9. HP: 68/82 MP: 9/9
  4992 | D:6      | Found an opulent altar of Gozag.
  5153 | D:6      | Found a blossoming altar of Fedhas.
  5335 | D:6      | Found a shadowy altar of Dithmenos.
  5344 | D:6      | Reached skill level 5 in Shields
  6259 | D:7      | Reached ** piety under Okawaru
  6260 | D:7      | Reached skill level 10 in Axes
  6998 | D:8      | Noticed Maggie
  7055 | D:8      | Reached skill level 10 in Fighting
  7063 | D:8      | Reached XP level 10. HP: 31/93 MP: 8/10
  7070 | D:8      | HP: 4/93 [Maggie/bolt of fire (19)]
  7072 | D:8      | Slain by Maggie

Illustrated notes

Levels and vault maps discovered:
D:1:      roderic_crop_circles_arrival_small, layout_rooms
D:2:      minmay_skewed_foursquare, layout_basic, basic_altar,
          shapermc_ecumenical_altar_petra, hangedman_decor_peaks_small,
          grunt_ministairs_1
D:3:      layout_rooms, gammafunk_ghost_stat_death, uniq_crazy_yiuf_cottage
D:4:      layout_gridville, minmay_temple_entry_statues_fountains,
          saegor_snake_ambush, uniq_pikel, uniq_sigmund
D:5:      layout_loops_ring, mainiacjoe_overflow_boulevard,
          mainiacjoe_overflow_concentric_impassable,
          eat_drink_and_be_merry_uskayaw, mainiacjoe_overflow_paths,
          okawaru_gym_becter, serial_shops, shop_statue
D:6:      minmay_spotlight, layout_loops_ring,
          nicolae_gozag_cash_rules_everything_around_me,
          mainiacjoe_overflow_small_starburst, fedhas_altar_2,
          portal_sewer_entry_e
D:7:      layout_loops_ring, serial_undead, serial_undead_d, serial_undead_e,
          serial_undead_f, serial_undead_a
D:8:      layout_basic, lemuel_blue_sif_altar, uniq_maggie
Temple:   minmay_temple_curvy_loop

Skill      XL: |  1  2  3  4  5  6  7  8  9 |
---------------+----------------------------+-----
Axes           | 3 4 6 7 8 10 | 10.7
Fighting       | 4 6 7 8 10 | 10.2
Shields        | 4 6 |  6.9
Armour         | 4 5 6 7 |  7.2

Action                   |  1- 3 |  4- 6 |  7- 9 | 10-12 || total
-------------------------+-------+-------+-------+-------++-------
Melee: War axe           |    84 |    94 |   338 |    10 ||   526
Invok: Heroism           |       |       |     1 |       ||     1
Evoke: Wand              |       |       |     1 |       ||     1
  Use: Potion            |       |     1 |     1 |       ||     2
       Scroll            |       |     1 |    10 |       ||    11
 Stab: Distracted        |       |       |     1 |       ||     1
Armor: Scale mail        |    50 |       |       |       ||    50
       Plate armour      |     9 |    48 |   247 |     3 ||   307
Dodge: Dodged            |    53 |    21 |    72 |       ||   146
Block: Buckler           |    29 |    19 |    37 |       ||    85
       Tower shield      |       |       |   177 |     6 ||   183

Table legend: (Time is in decaauts)
 A = Elapsed time spent in this place.
 B = Non-inter-level travel time spent in this place.
 C = Inter-level travel time spent in this place.
 D = Time resting spent in this place.
 E = Time spent auto-exploring this place.
 F = Levels seen in this place.
 G = Mean time per level.
                   A        B        C        D        E       F      G
               +--------+--------+--------+--------+--------+-----+--------+
         Total |   7238 |   6957 |    281 |   1101 |   4410 |   9 |  804.2 |
       Dungeon |   7008 |   6747 |    261 |   1101 |   4213 |   8 |  876.0 |
        Temple |    229 |    209 |     20 |      0 |    197 |   1 |  229.0 |
               +--------+--------+--------+--------+--------+-----+--------+

Top non-repeatable levels by time:
     D:2: 1211 daAuts
     D:5: 1170 daAuts
     D:6: 1134 daAuts
     D:7: 1026 daAuts
     D:4: 992 daAuts
     D:1: 710 daAuts
     D:3: 548 daAuts
  Temple: 229 daAuts
     D:8: 213 daAuts
